 Dungeon Crawl Stone Soup version 0.29.1-15-g9cfb28693d (webtiles) character file.

Game seed: 2189029618072890020

1966 drcrypt the Covered (level 9, -8/78 HPs)
             Began as a Minotaur Berserker on Mar 2, 2023.
             Was an Elder of Trog.
             Mangled by an ogre
             ... wielding a +0 giant club
              (22 damage)
             ... on level 6 of the Dungeon on Mar 15, 2023.
             The game lasted 00:24:21 (5169 turns).

drcrypt the Covered (Minotaur Berserker)            Turns: 5169, Time: 00:24:22

Health: -8/78      AC:  8    Str: 26    XL:     9   Next: 0%
Magic:  8/8        EV: 15    Int:  4    God:    Trog [****..]
Gold:   303        SH:  0    Dex: 16    Spells: 8/8 levels left

rFire   . . .      SeeInvis .   F - +0 whip (venom)
rCold   . . .      Faith    .   (no shield)
rNeg    . . .      Spirit   .   o - +0 ring mail
rPois   .          Reflect  .   (helmet restricted)
rElec   .          Harm     .   (no cloak)
rCorr   .          Rampage  .   i - +0 pair of gloves
Will    .....                   (no boots)
Stlth   +.........              (no amulet)
HPRegen 0.23/turn               e - +6 ring of dexterity
MPRegen 0.11/turn               (no ring)

@: on berserk cooldown, slowed, very slow
A: horns 2, retaliatory headbutt
a: Renounce Religion, Berserk, Trog's Hand, Brothers in Arms


You were on level 6 of the Dungeon.
You worshipped Trog.
Trog was greatly pleased with you.
You visited 1 branch of the dungeon, and saw 6 of its levels.

You collected 303 gold pieces.

Inventory:

Hand Weapons
 a - a +0 hand axe
 t - a +5 dagger of protection
 v - a +0 sling
 A - a +0 dagger
 F - a +0 whip of venom (weapon)
 H - a +0 flail
Missiles
 l - 28 stones
 D - 7 boomerangs (quivered)
Armour
 b - a +0 animal skin
 i - a +0 pair of gloves (worn)
 m - a +0 leather armour
 o - a +0 ring mail (worn)
 u - a +2 animal skin
 G - a +0 kite shield
 J - a +0 leather armour of fire resistance
Jewellery
 e - a +6 ring of dexterity (left hand)
 n - an amulet of faith
Scrolls
 c - 2 scrolls of fog
 g - 2 scrolls of enchant weapon
 k - 4 scrolls of identify
 q - a scroll of fear {unknown}
 r - 2 scrolls of amnesia {unknown}
 s - 2 scrolls of silence {unknown}
 w - 2 scrolls of magic mapping {unknown}
 y - 2 scrolls of blinking {unknown}
 z - a scroll of poison {unknown}
 I - a scroll of immolation {unknown}
Potions
 d - a potion of invisibility {unknown}
 f - 2 potions of curing
 h - a potion of attraction
 j - a potion of resistance
 p - 2 potions of might {unknown}
 x - 2 potions of flight {unknown}
 B - a potion of heal wounds
 C - 2 potions of lignification
 E - a potion of degeneration {unknown}


   Skills:
 - Level 6.9 Fighting
 - Level 7.1(7.5) Axes
 + Level 3.2(5.6) Maces & Flails
 + Level 7.4 Armour
 * Level 7.4 Dodging


You had 8 spell levels left.
You didn't know any spells.
Your spell library was empty.

Dungeon Overview and Level Annotations

Branches:
Dungeon (6/15)             Temple (0/1) D:5

Altars:
Dithmenos
Fedhas
Nemelex Xobeh
Okawaru
Uskayaw

Shops:
D:2 !


Innate Abilities, Weirdness & Mutations

You have a pair of horns on your head.
You reflexively headbutt those who attack you in melee.


Message History

Grinder is severely wounded.
Grinder barely misses you. You furiously retaliate!
You headbutt Grinder, but do no damage. You barely miss Grinder.
Grinder is severely wounded.
Grinder closely misses you.
You hit Grinder but do no damage.
Grinder is severely wounded.
Grinder closely misses you.
You whack Grinder!
Grinder is almost dead.
Grinder hits you.
You writhe in agony.
You hit Grinder. You headbutt Grinder.
You kill Grinder!
Trog accepts your kill.
Your base Maces & Flails skill increases to level 3!
You have reached level 9!
Your experience leads to an increase in your attributes!
Your base attributes are Str 24, Int 4, Dex 10.
Increase (S)trength, (I)ntelligence, or (D)exterity?
You feel stronger. x2
C - 2 potions of lignification (gained 1)
An ogre comes into view. It is wielding a +0 giant club.
The ogre moves out of view.
An ogre is nearby!
The ogre hits you with a +0 giant club!
* * * LOW HITPOINT WARNING * * *
The ogre closely misses you.
You whack the ogre!
The ogre is poisoned.
The ogre is moderately wounded.
You closely miss the ogre.
The ogre is moderately wounded.
The ogre barely misses you.
You hit the ogre.
The ogre is heavily wounded.
The ogre barely misses you.
You barely miss the ogre.
The ogre is heavily wounded.
The ogre hits you with a +0 giant club!!
You die...

#.........# #.#.#
#####†##### #.#.#
#....# #.... #.####
###.# #.# #.# #.##
#.# #..## #.#
####...##########..
+.@O...............
####...###########.
#..## ##### #....
#.... ####.# #.##.
.# #.##. # #.##.
#.##. #.##.


You could see an ogre (very poisoned).

Vanquished Creatures
  Grinder (D:6)
  Sigmund (D:3)
  Eustachio (D:6)
  A steam dragon (D:6)
  A water moccasin (D:5)
  2 ogres (D:5)
  A phantom (D:5)
  2 necrophages (D:5)
  A gnoll sergeant (D:5)
  5 scorpions
  3 orc priests (D:5)
  A jelly (D:5)
  A gnoll bouda (D:6)
  2 hounds (D:5)
  An iguana (D:5)
  An orc wizard (D:5)
  A scorpion zombie (D:4)
  Robin (D:3)
  4 adders
  8 gnolls
  A white imp (D:6)
  2 worms (D:2)
  3 dart slugs (D:1)
  8 orcs
  4 endoplasms
  5 giant cockroaches
  16 goblins
  8 hobgoblins
  3 jackals (D:2)
  A quokka (D:1)
  10 ball pythons
  4 bats
  3 frilled lizards
  9 kobolds
  7 rats
123 creatures vanquished.

Vanquished Creatures (others)
  A bush (D:4)
  14 plants
15 creatures vanquished.

Grand Total: 138 creatures vanquished

Notes
Turn   | Place    | Note
-------+----------+-------------------------------------------
     0 | D:1      | drcrypt the Minotaur Berserker began the quest for the Orb.
     0 | D:1      | Reached XP level 1. HP: 19/19 MP: 0/0
   136 | D:1      | Reached XP level 2. HP: 20/27 MP: 1/1
   449 | D:1      | Reached ** piety under Trog
   528 | D:1      | Reached XP level 3. HP: 31/33 MP: 2/2
   579 | D:2      | Found Kieggept's Distillery.
  1264 | D:2      | Found a faded altar of an unknown god.
  1419 | D:2      | Reached XP level 4. HP: 35/41 MP: 3/3
  1757 | D:3      | Noticed Sigmund
  1764 | D:3      | Killed Sigmund
  1765 | D:3      | Reached skill level 5 in Fighting
  1765 | D:3      | Reached skill level 5 in Axes
  1765 | D:3      | Reached XP level 5. HP: 48/48 MP: 4/4
  1986 | D:3      | Noticed Robin
  1995 | D:3      | Killed Robin
  1996 | D:3      | Reached XP level 6. HP: 56/56 MP: 5/5
  2002 | D:3      | Reached *** piety under Trog
  2105 | D:3      | Found an iron altar of Okawaru.
  2116 | D:3      | Found a shadowy altar of Dithmenos.
  2902 | D:4      | Found a blossoming altar of Fedhas.
  3103 | D:5      | Entered Level 5 of the Dungeon
  3116 | D:5      | Reached XP level 7. HP: 53/62 MP: 6/6
  3170 | D:5      | Reached skill level 5 in Armour
  3189 | D:5      | Reached skill level 5 in Dodging
  3208 | D:5      | HP: 1/64 [orc/+0 whip (4)]
  3560 | D:5      | Found a staircase to the Ecumenical Temple.
  3633 | D:5      | Reached XP level 8. HP: 54/71 MP: 7/7
  4360 | D:5      | Found a hide-covered altar of Uskayaw.
  4495 | D:5      | Found a sparkling altar of Nemelex Xobeh.
  4563 | D:6      | Reached skill level 1 in Maces & Flails
  4622 | D:6      | Noticed Eustachio
  4627 | D:6      | Reached **** piety under Trog
  4652 | D:6      | Killed Eustachio
  5130 | D:6      | Noticed Grinder
  5158 | D:6      | Killed Grinder
  5159 | D:6      | Reached XP level 9. HP: 25/78 MP: 8/8
  5169 | D:6      | Mangled by an ogre

Illustrated notes

Levels and vault maps discovered:
D:1:      scummos_arrival_star, layout_loops_ring, dk_noncrumbling_4,
          nrook_loot_triangle, minivault_25
D:2:      layout_loops_ring, serial_shops, nicolae_shop_crystal,
          shapermc_ecumenical_altar_venn
D:3:      layout_rooms, amethyst_overflow_temple_binary, uniq_sigmund,
          uniq_robin
D:4:      layout_gridville, fedhas_altar_decomposition
D:5:      corexii_shack_village, layout_basic, nemelex_dance_club_becter,
          eat_drink_and_be_merry_uskayaw, minmay_temple_entry_arrows
D:6:      kennysheep_steamy, layout_loops_corners, uniq_grinder, uniq_eustachio,
          uniq_edmund

Skill      XL: |  1  2  3  4  5  6  7  8 |
---------------+-------------------------+-----
Axes           | 4 5 6 7 |  7.1
Fighting       | 4 5 6 |  6.9
Armour         | 3 4 5 7 |  7.4
Dodging        | 3 4 5 7 |  7.4
Maces & Flails | 3 |  3.2

Action                   |  1- 3 |  4- 6 |  7- 9 || total
-------------------------+-------+-------+-------++-------
Melee: Hand axe          |    83 |    61 |    88 ||   232
       Headbutt          |    18 |    14 |    32 ||    64
       Punch             |       |     1 |     3 ||     4
       Whip              |       |       |    54 ||    54
Throw: Boomerang         |       |       |     1 ||     1
Invok: Berserk           |       |     2 |     4 ||     6
  Use: Potion            |       |     2 |     3 ||     5
       Scroll            |       |     2 |       ||     2
 Stab: Sleeping          |     4 |       |       ||     4
Armor: Animal skin       |    19 |       |       ||    19
       Leather armour    |       |     2 |       ||     2
       Ring mail         |       |    12 |    40 ||    52
Dodge: Dodged            |    52 |    51 |    80 ||   183
